 Dungeon Crawl Stone Soup version 0.18.1-50-g88ac8fd (webtiles) character file.

307 go0n the Covert (level 6, -2/43 HPs)
             Began as an Octopode Assassin on Sept 17, 2016.
             Was a Follower of Dithmenos.
             Slain by an orc
             ... wielding a +0 trident
              (6 damage)
             ... on level 4 of the Dungeon.
             The game lasted 00:13:34 (4156 turns).

go0n the Covert (Octopode Assassin)                 Turns: 4156, Time: 00:13:35

Health: -2/43      AC:  1    Str: 11    XL:     6   Next: 40%
Magic:  6/6        EV: 12    Int: 13    God:    Dithmenos [*.....]
Gold:   158        SH:  0    Dex: 17    Spells: 0 memorised, 5 levels left

rFire  + . .     SeeInvis .     a - +3 dagger
rCold  x . .     Gourm    +     (no shield)
rNeg   . . .     Faith    .     (helmet restricted)
rPois  .         Spirit   .     m - amulet of the gourmand
rElec  .         Dismiss  .     p - +2 ring of dexterity
rCorr  .         Reflect  .     g - ring of fire
SustAt .         Harm     .     (no ring)
MR     .....                    (no ring)
Stlth  ++++++....               (no ring)
                                (no ring)
                                (no ring)
                                (no ring)

@: wreathed by umbra, not resistant to hostile enchantments, very stealthy
A: almost no armour, amphibious, 8 rings, constrict 8, tentacle spike 1,
camouflage 1, gelatinous body 1
a: Renounce Religion


You were on level 4 of the Dungeon.
You worshipped Dithmenos.
Dithmenos was aware of your devotion.
You were not hungry.

You visited 2 branches of the dungeon, and saw 6 of its levels.

You collected 158 gold pieces.

Inventory:

Hand Weapons
 a - a +3 dagger (weapon)
 b - a +0 blowgun
Missiles
 c - 8 poisoned needles
 d - 2 curare-tipped needles
Jewellery
 g - a ring of fire (right tentacle)
 m - an amulet of the gourmand (around mantle)
 p - a +2 ring of dexterity (left tentacle)
Wands
 u - a wand of polymorph (6/24)
Scrolls
 k - 5 scrolls of identify
 n - a scroll of blinking {unknown}
 o - a scroll of remove curse
 r - a scroll of random uselessness
 t - a scroll of recharging
 y - a scroll of enchant armour {unknown}
 z - a scroll of fog {unknown}
Potions
 e - 2 potions of lignification
 l - a potion of flight {unknown}
 q - a potion of resistance {unknown}
 v - a potion of might {unknown}
 w - a potion of degeneration {unknown}
 x - a potion of brilliance {unknown}
Comestibles
 f - 3 bread rations
 i - 2 meat rations
 j - a royal jelly
 s - 3 fruits


   Skills:
 + Level 3.7 Fighting
 + Level 3.5 Short Blades
 - Level 2.0 Throwing
 - Level 1.0 Dodging
 * Level 8.3 Stealth


You had 5 spell levels left.
You didn't know any spells.

Dungeon Overview and Level Annotations

Branches:
Dungeon (5/15)             Temple (1/1) D:4

Altars:
Dithmenos
Fedhas
Kikubaaqudgha
Okawaru
Qazlal


Innate Abilities, Weirdness & Mutations

You cannot wear most types of armour.
You are amphibious.
You can wear up to eight rings at the same time.
You can use your tentacles to constrict eight enemies at once.
Your skin changes colour to match your surroundings (Stealth).
Your rubbery body absorbs attacks (AC +1).
One of your tentacles bears a spike.


Message History

You barely miss the river rat. Your grab misses the river rat.
You pierce the river rat, but do no damage.
The river rat is heavily wounded.
The river rat misses you.
You hit the river rat but do no damage. You grab the river rat.
The river rat is heavily wounded.
You constrict the river rat, but do no damage.
The orc hits you from afar with a trident.
* * * LOW HITPOINT WARNING * * *
Read which item? (? for menu, Esc to quit)
Okay, then.
Evoke which item? (* to show all) (? for menu, Esc to quit)
Okay, then.
You hit the river rat.
You pierce the river rat, but do no damage.
You squeeze the river rat, but do no damage.
The river rat is severely wounded.
You constrict the river rat. The river rat closely misses you.
The orc hits you from afar with a trident.
You die...

#..# ##...## #.# ##.## ##.#.#.##
########.#
#...#####.#...#.#######........#
............#...........########
#...##.##.#.............#########
.......###.#...##.####...##..[...
##.##### ##...###o)....<....#####
#.# #####..###r###(...........
#.# ###.)...#..@## #.....#######
#.# #..........## ##...## #.#
#.#.######## ##### #.# #.#.# #.#
#.#.# #.# #.#.# #.# #.#.#
#.###.#.# ##.....#.#


You could see a river rat and an orc.

Vanquished Creatures
  A scorpion (D:4)
  4 orc wizards
  Jessica (D:2)
  A gnoll (D:1)
  An adder (D:2)
  A worm (D:2)
  A dart slug (D:1)
  4 giant geckos
  11 orcs
  3 giant cockroaches
  6 goblins
  5 hobgoblins
  12 jackals (D:1)
  6 kobolds
  3 quokkas
  2 ball pythons
  5 bats
  3 giant newts
  10 rats
80 creatures vanquished.

Notes
Turn   | Place    | Note
--------------------------------------------------------------
     0 | D:1      | go0n the Octopode Assassin began the quest for the Orb.
     0 | D:1      | Reached XP level 1. HP: 14/14 MP: 1/1
    61 | D:1      | Reached XP level 2. HP: 4/20 MP: 2/2
   569 | D:1      | Reached XP level 3. HP: 12/25 MP: 3/3
   576 | D:1      | Reached skill level 6 in Stealth
  1709 | D:2      | Found a shadowy altar of Dithmenos.
  1714 | D:2      | Became a worshipper of Dithmenos the Shadowed
  1726 | D:2      | Reached XP level 4. HP: 24/30 MP: 4/4
  1870 | D:2      | Noticed Jessica
  1877 | D:2      | Killed Jessica
  1962 | D:2      | Gained mutation: One of your tentacles bears a spike. [potion of beneficial mutation]
  2003 | D:3      | Reached skill level 7 in Stealth
  2003 | D:3      | Reached XP level 5. HP: 30/36 MP: 5/5
  2834 | D:4      | Reached * piety under Dithmenos
  2891 | D:4      | Found a staircase to the Ecumenical Temple.
  2901 | D:4      | Reached skill level 8 in Stealth
  2901 | D:4      | Reached XP level 6. HP: 28/42 MP: 6/6
  3151 | Temple   | Entered the Ecumenical Temple
  3726 | D:5      | Entered Level 5 of the Dungeon
  4156 | D:4      | Slain by an orc

Skill      XL: |  1  2  3  4  5 |
---------------+----------------+-----
Stealth        | 6 7 8 |  8.3
Short Blades   | 3 |  3.5
Fighting       | 3 |  3.7
Throwing       | |  2.0
Dodging        | |  1.0

Action                   |  1- 3 |  4- 6 || total
-------------------------+-------+-------++-------
Melee: Dagger            |    83 |   104 ||   187
       Constrict         |    19 |    29 ||    48
       Tentacles         |    12 |    18 ||    30
       Kick              |       |    29 ||    29
Evoke: Wand              |       |     1 ||     1
  Use: Scroll            |     3 |     4 ||     7
       Potion            |       |     5 ||     5
 Stab: Sleeping          |     8 |    13 ||    21
       Distracted        |       |     1 ||     1
  Eat: Chunk             |     2 |     6 ||     8
       Bread ration      |       |     1 ||     1
Armor: Skin              |     7 |     4 ||    11
Dodge: Dodged            |    46 |    78 ||   124
